 Dungeon Crawl Stone Soup version 0.25.0 (webtiles) character file.

Game seed: 12867831363758740209

6153 Froggeryz the Severer (level 10, -8/132 HPs)
             Began as a Minotaur Berserker on June 12, 2020.
             Was a High Priest of Trog.
             Killed from afar by an ice dragon (45 damage)
             ... with a blast of cold
             ... on level 9 of the Dungeon.
             The game lasted 00:09:09 (9868 turns).

Froggeryz the Severer (Minotaur Berserker)          Turns: 9868, Time: 00:09:10

Health: -8/132     AC: 12    Str: 24    XL:     10   Next: 59%
Magic:  9/9        EV: 11    Int:  4    God:    Trog [*****.]
Gold:   380        SH:  0    Dex: 11    Spells: 9/9 levels left

rFire    . . .     SeeInvis .   a - +0 hand axe
rCold    . . .     Gourm    .   (no shield)
rNeg     . . .     Faith    .   o - +0 chain mail
rPois    .         Spirit   .   (helmet restricted)
rElec    .         Reflect  .   l - +0 cloak
rCorr    .         Harm     .   g - +0 pair of gloves
MR       ++...                  v - +0 pair of boots
Stlth    ..........             (no amulet)
HPRegen  1.32/turn              q - +4 ring of slaying
MPRegen  0.11/turn              (no ring)

@: berserking, regenerating, very quick
A: retaliatory headbutt, horns 2
a: Berserk, Trog's Hand, Brothers in Arms, Renounce Religion


You were on level 9 of the Dungeon.
You worshipped Trog.
Trog was extremely pleased with you.
You were not hungry.

You visited 1 branch of the dungeon, and saw 10 of its levels.

You collected 498 gold pieces.
You spent 118 gold pieces at shops.

Inventory:

Hand Weapons
 a - a +0 hand axe (weapon)
 b - a +0 war axe
Missiles
 s - 2 throwing nets (quivered)
 E - 6 silver javelins
Armour
 g - a +0 pair of gloves (worn)
 l - a +0 cloak (worn)
 o - a +0 chain mail (worn)
 v - a +0 pair of boots (worn)
 I - the cursed +1 chain mail "Uhusymae" {+Inv rCorr Str-3 Stlth+, unknown}
   (You found it on level 8 of the Dungeon)

   It affects your strength (-3).
   It lets you turn invisible.
   It provides partial protection from all sources of acid and corrosion.
   It makes you more stealthy.
   It has a curse placed upon it.
Jewellery
 q - a +4 ring of slaying (left hand)
 C - an uncursed ring of flight
Wands
 h - a wand of flame (44)
 t - a wand of disintegration (14)
 u - a wand of acid (10)
 A - a wand of random effects (11)
 H - a wand of clouds (2)
Scrolls
 d - 2 scrolls of teleportation
 e - a scroll of noise {unknown}
 f - a scroll of identify
 k - a scroll of blinking {unknown}
 m - 4 scrolls of remove curse
 n - 3 scrolls of fear {unknown}
 p - a scroll of amnesia {unknown}
 w - 3 scrolls of immolation
 y - a scroll of silence
 z - 3 scrolls of enchant armour {unknown}
 F - a scroll of enchant weapon
 J - a scroll of summoning {unknown}
Potions
 i - 3 potions of curing
 j - 3 potions of heal wounds
 r - 2 potions of haste
 x - 3 potions of flight
 B - 3 potions of mutation
 D - a potion of invisibility
 G - a potion of brilliance {unknown}
 K - a potion of cancellation {unknown}
 L - a potion of might
 M - a potion of degeneration {unknown}
Comestibles
 c - 23 rations
 N - a chunk of flesh


   Skills:
 + Level 8.0 Fighting
 * Level 15.1 Axes
 - Level 2.4 Armour
 - Level 8.1 Dodging


You had 9 spell levels left.
You didn't know any spells.
Your spell library was empty.

Dungeon Overview and Level Annotations

Branches:
Dungeon (10/15)            Temple (0/1) D:4             Orc (0/2) D:9
   Lair: D:8-11

Altars:
Fedhas
Kikubaaqudgha
Okawaru
Qazlal
Ru
Sif Muna
Trog
Wu Jian
Xom
The Shining One

Shops:
D:7 !   D:9 !


Innate Abilities, Weirdness & Mutations

You reflexively headbutt those who attack you in melee.
You have a pair of horns on your head.


Message History

You slash the cyan very ugly thing!
The cyan very ugly thing is severely wounded.
The cyan very ugly thing is engulfed in noxious fumes.
The cyan very ugly thing headbutts you! The cyan very ugly thing shocks you!!
* * * LOW HITPOINT WARNING * * *
You hit the cyan very ugly thing but do no damage.
Your headbutt misses the cyan very ugly thing.
The cyan very ugly thing is severely wounded.
You slash the cyan very ugly thing! You headbutt the cyan very ugly thing!
The cyan very ugly thing is almost dead.
You slash the cyan very ugly thing!
You kill the cyan very ugly thing!
Trog accepts your kill.
Your Fighting skill increases to level 8!
Your Axes skill increases to level 15!
You closely miss the ice dragon. You barely miss the ice dragon.
Your headbutt misses the ice dragon. The ice dragon breathes frost at you.
The blast of cold hits you!!!
You die...

#..#....#####..............'..#
#..#..........##########..##..#
##'#..........#..#..#..#..##..#
#..#..........#..'..'[.#...#..#
######........##'####'##...+..#
8#...#........#.8# #..#..##..#
.'.>.#..#####.#8.# #..#...#..#
8#...#..#.....##÷##+#'##...#..#
######..#.....#.@D§☼#..#...#..#
#..#....#.....#..#§§#..#.[.#..#
...#<...#.....########'#...#..#
...'....#...)..............#..#
#..#....#......#......#....+..#
#..#....#.....#########....#..#
####....#.....#............#..#
# #....#...).'............'..#
# #....#.....#............#..#


You could see an ice dragon (catching breath).

Vanquished Creatures
  A very ugly thing (D:9)
  A hippogriff (D:8)
  A slime creature (D:9)
  Sigmund (D:6)
  6 yaks (D:9)
  An ice beast (D:9)
  3 phantoms
  A sky beast (D:5)
  2 orc warriors
  2 black bears (D:7)
  2 ogres (D:4)
  4 centaurs
  A big kobold (D:9)
  Blork the orc (D:4)
  5 bullfrogs
  A water moccasin zombie (D:7)
  4 scorpions
  A killer bee (D:9)
  A wight (D:9)
  2 howler monkeys
  5 crimson imps
  4 hounds
  4 jellies
  6 orc priests
  Crazy Yiuf (D:4)
  A centaur skeleton (D:4)
  Jessica (D:2)
  Natasha (thrice) (D:2)
  3 iguanas
  10 orc wizards
  8 worker ants
  A hound skeleton (D:6)
  8 gnolls (D:6)
  9 adders
  A shadow imp (D:6)
  2 oozes
  An adder zombie (D:9)
  5 adder skeletons
  6 worms
  A dart slug (D:1)
  A leopard gecko (D:3)
  32 orcs
  9 giant cockroaches
  6 goblins
  6 hobgoblins
  4 jackals (D:5)
  6 kobolds
  5 quokkas
  4 ball pythons
  6 bats
  8 frilled lizards
  A jackal skeleton (D:5)
  A leopard gecko skeleton (D:4)
  2 leopard gecko zombies
  A quokka skeleton (D:5)
  A quokka zombie (D:5)
  11 rats
225 creatures vanquished.

Vanquished Creatures (others)
  A bush (D:5)
1 creature vanquished.

Grand Total: 226 creatures vanquished

Notes
Turn   | Place    | Note
-------+----------+-------------------------------------------
     0 | D:1      | Froggeryz the Minotaur Berserker began the quest for the
                  | Orb.
     0 | D:1      | Reached XP level 1. HP: 19/19 MP: 0/0
    90 | D:1      | Reached skill level 4 in Axes
   221 | D:1      | Reached XP level 2. HP: 26/26 MP: 1/1
   789 | D:2      | Noticed Jessica
   793 | D:2      | Reached ** piety under Trog
   811 | D:2      | Killed Jessica
   811 | D:2      | Reached skill level 5 in Axes
   811 | D:2      | Reached XP level 3. HP: 23/31 MP: 2/2
  1000 | D:2      | Noticed Natasha
  1012 | D:2      | Killed Natasha
  1012 | D:2      | Reached XP level 4. HP: 10/39 MP: 3/3
  1280 | D:2      | Found a transporter.
  1283 | D:2      | Noticed a centaur
  1283 | D:2      | Noticed an orc warrior
  1291 | D:2      | Noticed Natasha
  1296 | D:2      | Killed Natasha
  1436 | D:2      | Found a transporter.
  1446 | D:2      | Found an ornate altar of the Wu Jian Council.
  1680 | D:2      | Noticed Natasha
  1683 | D:2      | Killed Natasha
  1683 | D:2      | Reached skill level 6 in Axes
  1683 | D:2      | Reached XP level 5. HP: 45/45 MP: 4/4
  1946 | D:2      | Killed a centaur
  1949 | D:2      | Killed an orc warrior
  1949 | D:2      | Reached skill level 7 in Axes
  1949 | D:2      | Reached XP level 6. HP: 30/51 MP: 5/5
  2383 | D:3      | Found a bloodstained altar of Trog.
  2386 | D:3      | Found a glowing golden altar of the Shining One.
  2387 | D:3      | Found a sacrificial altar of Ru.
  2387 | D:3      | Found a shimmering blue altar of Sif Muna.
  2388 | D:3      | Found an iron altar of Okawaru.
  2388 | D:3      | Found a blossoming altar of Fedhas.
  2388 | D:3      | Found an ancient bone altar of Kikubaaqudgha.
  2389 | D:3      | Found a stormy altar of Qazlal.
  2625 | D:3      | Reached skill level 5 in Dodging
  2949 | D:4      | Reached skill level 8 in Axes
  2955 | D:4      | Reached XP level 7. HP: 41/57 MP: 6/6
  3182 | D:4      | Reached *** piety under Trog
  3206 | D:4      | Reached skill level 9 in Axes
  3398 | D:4      | Found a staircase to the Ecumenical Temple.
  3463 | D:4      | Noticed Blork the orc
  3478 | D:4      | Killed Blork the orc
  3961 | D:4      | Reached XP level 8. HP: 64/64 MP: 7/7
  4227 | D:4      | Found a runed translucent door.
  4228 | D:4      | Noticed Crazy Yiuf
  4518 | D:4      | Killed Crazy Yiuf
  4555 | D:5      | Entered Level 5 of the Dungeon
  4569 | D:5      | Reached skill level 10 in Axes
  5708 | D:6      | Noticed Sigmund
  5714 | D:6      | Killed Sigmund
  5714 | D:6      | Reached skill level 11 in Axes
  5720 | D:6      | Reached **** piety under Trog
  5937 | D:6      | Reached XP level 9. HP: 63/70 MP: 8/8
  5994 | D:6      | Found a shimmering altar of Xom.
  6584 | D:7      | Reached skill level 12 in Axes
  6998 | D:7      | Found Miskobagg's Distillery.
  7004 | D:7      | Bought a potion of heal wounds for 70 gold pieces
  7710 | D:8      | You fall into a shaft and drop 2 floors!
  7710 | D:10     | Entered Level 10 of the Dungeon
  7727 | D:9      | Reached skill level 13 in Axes
  7906 | D:9      | Found a runed translucent door.
  7985 | D:8      | Reached skill level 5 in Fighting
  8196 | D:8      | Got a glimmering chain mail
  8595 | D:9      | Reached ***** piety under Trog
  8602 | D:9      | Reached XP level 10. HP: 66/83 MP: 9/9
  8605 | D:9      | Reached skill level 14 in Axes
  9084 | D:9      | Found Jusatt's Distillery.
  9092 | D:9      | Bought a potion of might for 48 gold pieces
  9478 | D:9      | Found a staircase to the Orcish Mines.
  9852 | D:9      | Noticed a cyan very ugly thing
  9852 | D:9      | Noticed an ice dragon
  9865 | D:9      | Killed a cyan very ugly thing
  9865 | D:9      | Reached skill level 15 in Axes
  9868 | D:9      | Killed from afar by an ice dragon

Illustrated notes

Levels and vault maps discovered:
D:1:      sevenhm_arrival_forest_fort_small_6, layout_loops_ring, st_stairs_12
D:2:      layout_loops_ring, gammafunk_temple_overflow_arena, first_ration,
          grunt_ministairs_1, uniq_natasha, uniq_jessica
D:3:      layout_loops_ring, grunt_temple_overflow_open, grunt_ministairs_15
D:4:      layout_loops_ring, minmay_temple_entry_statues_pillars,
          minmay_hedge_maze, uniq_crazy_yiuf_cottage, uniq_blork_the_orc
D:5:      layout_basic, kb_lookout_dungeons_type, hangedman_decor_growths
D:6:      layout_basic, tgw_xom, uniq_sigmund
D:7:      layout_loops_corners, serial_shops,
          nicolae_shop_temple_entry_statues_fountains
D:8:      layout_gridville
D:9:      layout_gridville, hiddenorc1_lemuel, serial_shops, shop,
          blue_anna_alchemist [blue_anna_fruit_fields, blue_anna_fruit_fields],
          minivault_13
D:10:     layout_cave_pools, minmay_lair_entry_grove

Skill      XL: |  1  2  3  4  5  6  7  8  9 10 |
---------------+-------------------------------+-----
Axes           | 4 5 6 7 8 9 11 13 15 | 15.1
Dodging        | 3 4 5 6 7 8 |  8.1
Fighting       | 6 8 |  8.0
Armour         | |  2.4

Action                   |  1- 3 |  4- 6 |  7- 9 | 10-12 || total
-------------------------+-------+-------+-------+-------++-------
Melee: Hand axe          |    71 |    98 |   354 |    71 ||   594
       Headbutt          |     8 |    19 |    81 |    20 ||   128
Throw: Dart              |       |       |     2 |       ||     2
Invok: Berserk           |       |     1 |       |     1 ||     2
       Trog's Hand       |       |       |       |     1 ||     1
Evoke: Wand              |       |       |       |     1 ||     1
  Use: Scroll            |       |     1 |    12 |       ||    13
 Stab: Sleeping          |     1 |       |       |       ||     1
  Eat: Chunk             |       |     7 |    18 |     2 ||    27
       Ration            |       |       |       |     1 ||     1
Armor: Animal skin       |    22 |       |       |       ||    22
       Ring mail         |     3 |     3 |       |       ||     6
       Chain mail        |       |    40 |   108 |    21 ||   169
Dodge: Dodged            |    43 |    41 |   132 |    21 ||   237
